 Dungeon Sprint DCSS version 0.30-a0-134-gb40fab5c76 (webtiles) character file.

Game seed: 5027317041638648284

23601 iguanaiguana the Phalangite (level 12, -2/214 HPs)
             Began as a Minotaur Berserker on Sept 19, 2022.
             Was a Priest of Trog.
             Slain by Tiamat
             ... wielding a +0 bardiche of freezing
              (7 damage)
             ... in the Dungeon (Sprint I: "Red Sonja").
             The game lasted 00:27:31 (4420 turns).

iguanaiguana the Phalangite (Minotaur Berserker)    Turns: 4420, Time: 00:27:32

Health: -2/214     AC: 29    Str: 28    XL:     12   Next: 73%
Magic:  3/3        EV:  6    Int:  4    God:    Trog [***...]
Gold:   220        SH:  0    Dex:  7    Spells: 11/11 levels left

rFire   + + +      SeeInvis .    w - +3 bardiche (antimagic)
rCold   + . .      Faith    .    (shield currently unavailable)
rNeg    + + +      Spirit   .    C - +0 gold dragon scales
rPois   +          Reflect  .    F - +1 hat
rElec   +          Harm     .    p - +2 cloak of Pathos {rN++ Slay-2}
rCorr   +          Rampage  .    x - +2 pair of gloves "Nuklun" {rF+}
Will    .....      NoTele   +    v - +1 pair of boots
Stlth   ..........               (no amulet)
HPRegen 0.45/turn                q - ring of Democracy {rElec rF+ rN+ Dex-2}
MPRegen 0.08/turn                L - ring of Scepticism {rPois rN+ rCorr Slay+4 Stlth+}

@: berserking (expiring), lethally poisoned (-2 -> -8), unable to drink, very
quick
A: horns 2, retaliatory headbutt, inability to drink after injury 1
a: Renounce Religion, Berserk, Trog's Hand


You were in the Dungeon.
You worshipped Trog.
Trog was most pleased with you.
You visited 1 branch You collected 4064 gold pieces.
You spent 3844 gold pieces at shops.

Inventory:

Hand Weapons
 a - a +0 spear
 b - a +0 scythe
 s - a +3 glaive
 t - a +5 glaive of flaming
 w - a +3 antimagic bardiche (weapon)
Missiles
 n - 2 curare-tipped darts (quivered)
 J - 4 boomerangs
Armour
 i - a +0 chain mail
 p - the +2 cloak of Pathos (worn) {rN++ Slay-2}
   (You bought it in a shop in the Dungeon)

   Slay:      It affects your accuracy & damage with ranged weapons and melee
   (-2).
   rN:        It greatly protects you from negative energy.
 v - a +1 pair of boots (worn)
 x - the +2 pair of gloves "Nuklun" (worn) {rF+}
   (You bought it in a shop in the Dungeon)

   rF:        It protects you from fire.
 C - +0 gold dragon scales (worn)
 F - a +1 hat (worn)
Jewellery
 l - a ring of see invisible
 q - the ring of Democracy (left hand) {rElec rF+ rN+ Dex-2}
   (You bought it in a shop in the Dungeon)

   [ring of positive energy]

   Dex:       It affects your dexterity (-2).
   rF:        It protects you from fire.
   rElec:     It insulates you from electricity.
   rN:        It protects you from negative energy.
 D - the ring "Plog" {rPois rC+ rCorr Dex+2 Stlth+}
   (You found it in the Dungeon)

   [ring of poison resistance]

   Dex:       It affects your dexterity (+2).
   rC:        It protects you from cold.
   rPois:     It protects you from poison.
   rCorr:     It protects you from acid and corrosion.
   Stlth:     It makes you more stealthy.
 L - the ring of Scepticism (right hand) {rPois rN+ rCorr Slay+4 Stlth+}
   (You bought it in a shop in the Dungeon)

   [ring of slaying]

   Slay:      It affects your accuracy & damage with ranged weapons and melee
   (+4).
   rPois:     It protects you from poison.
   rN:        It protects you from negative energy.
   rCorr:     It protects you from acid and corrosion.
   Stlth:     It makes you more stealthy.
Wands
 g - a wand of digging (4) {@v3}
 m - a wand of polymorph (19)
 r - a wand of mindburst (6)
 G - a wand of flame (18)
Scrolls
 h - a scroll of blinking {@r4}
 j - a scroll of fear
 y - a scroll of brand weapon
 B - a scroll of butterflies {unknown}
 H - a scroll of amnesia {unknown}
Potions
 c - 8 potions of curing {@q1}
 d - 2 potions of heal wounds {@q2}
 e - 3 potions of haste {@q4}
 f - 2 potions of magic
 k - a potion of degeneration
 o - 2 potions of flight
 z - 2 potions of cancellation
 A - 3 potions of lignification
 E - 4 potions of attraction
 K - a potion of ambrosia {unknown}
Miscellaneous
 u - a phial of floods
 I - a condenser vane


   Skills:
 - Level 23.8 Fighting
 - Level 24.0 Polearms
 - Level 6.0 Throwing
 * Level 12.3 Armour
 - Level 2.1 Dodging
 - Level 12.0 Evocations


You had 11 spell levels left.
You didn't know any spells.
Your spell library was empty.

Dungeon Overview and Level Annotations

Branches:
Dungeon (1/1) Zot: 27000

Altars:
Cheibriados
Dithmenos
Elyvilon
Fedhas
Gozag
Hepliaklqana
Kikubaaqudgha
Makhleb
Nemelex Xobeh
Okawaru
Qazlal
Ru
Sif Muna
Trog
Uskayaw
Vehumet
Wu Jian
Xom
Yredelemnul
Zin
The Shining One
Jiyva
Lugonu

Shops:
D *(!=!*:([:=!*[:**[[[*(

Annotations:
D exclusion: mummy priest, Tiamat


Innate Abilities, Weirdness & Mutations

You have a pair of horns on your head.
You reflexively headbutt those who attack you in melee.
You occasionally lose the ability to drink potions when taking damage.


Message History

Reach: w) +3 bardiche (antimagic)
Press: ? - help, Dir - move target, f/p - Tiamat
Aim: Tiamat, wielding a +0 bardiche of freezing and wearing the +4 dragonskin cloak (heavily wounded, ally target, about 27% to evade your +3 antimagic bardiche)
You reach to attack!
You barely miss Tiamat.
Tiamat is heavily wounded.
Tiamat breathes poison at you.
You are poisoned.
You resist.
Reach: w) +3 bardiche (antimagic)
Press: ? - help, Dir - move target, f/p - Tiamat
Aim: Tiamat, wielding a +0 bardiche of freezing and wearing the +4 dragonskin cloak (heavily wounded, catching her breath, ally target, about 27% to evade your +3 antimagic bardiche)
You reach to attack!
You open Tiamat like a pillowcase!!!
Tiamat is heavily wounded.
Your black bear bites Tiamat.
Your black bear barely misses Tiamat.
Reach: w) +3 bardiche (antimagic)
Press: ? - help, Dir - move target, f/p - Tiamat
Aim: Tiamat, wielding a +0 bardiche of freezing and wearing the +4 dragonskin cloak (heavily wounded, not watching you, catching her breath, ally target, about 27% to evade your +3 antimagic bardiche)
You reach to attack!
You strike the helpless Tiamat from behind!
You open Tiamat like a pillowcase!!!
Tiamat is severely wounded.
Your black bear barely misses Tiamat.
Your black bear misses Tiamat.
Tiamat tail-slaps your black bear.
Your black bear dies!
Your black bear's corpse disappears in a puff of smoke!
Tiamat roars!
Reach: w) +3 bardiche (antimagic)
Press: ? - help, Dir - move target, f/p - Tiamat
Aim: Tiamat, wielding a +0 bardiche of freezing and wearing the +4 dragonskin cloak (severely wounded, catching her breath, about 27% to evade your +3 antimagic bardiche)
You reach to attack!
You barely miss Tiamat.
Tiamat is severely wounded.
Reach: w) +3 bardiche (antimagic)
Press: ? - help, Dir - move target, f/p - Tiamat
Aim: Tiamat, wielding a +0 bardiche of freezing and wearing the +4 dragonskin cloak (severely wounded, catching her breath, about 27% to evade your +3 antimagic bardiche)
You reach to attack!
You hit Tiamat but do no damage.
Tiamat is severely wounded.
Tiamat hits you from afar with a +0 bardiche of freezing!!!
* * * LOW HITPOINT WARNING * * *
Tiamat freezes you!
You die...

)..'.....'[∩##.#..####..###...# ≈
...###########.##+#..#(.#.###.#M≈
#.###.......##.# #.........#.###
#'#.#.......§§§####..°......#)# '
....#+..######§#()'..○...####'# #
.)..#......§§#§#####...###..).#
#####.....§.#'.#○..#####...####
|.).......§§####°°...))..###
)(........~§##○☼@○○..#####
#.......~~§###.○°○..##
###..~~~~### #○.d§○##
##'######'####.....#
∩∩########∩∩####.###
#∩∩∩∩∩∩∩∩∩∩###≈≈≈≈≈≈≈≈d#
############ ###.####### #..0..+
#######


You could see Tiamat (catching breath).

Vanquished Creatures
  A golden dragon (D)
  A shadow dragon (D)
  4 fire giants (D)
  A lorocyproca (D)
  A hydra (D)
  2 centaur warriors (D)
  A deep troll (D)
  A lindwurm (D)
  An oklob plant (D)
  2 gargoyles (D)
  4 demonic crawlers (D)
  2 kobold demonologists (D)
  7 unseen horrors (D)
  A slime creature (D)
  A meliai (D)
  4 hornets (D)
  Sigmund (D)
  13 hogs (D)
  A yak (D)
  2 redbacks (D)
  An acid dragon (D)
  4 floating eyes (D)
  An ogre (D)
  7 necrophages (D)
  8 jellies (D)
  Ijyb (D)
73 creatures vanquished.

Vanquished Creatures (collateral kills)
  A deep elf annihilator (D)
  8 shining eyes (D)
  2 merfolk sirens (D)
  A hellwing (D)
  3 floating eyes (D)
15 creatures vanquished.

Vanquished Creatures (others)
  A hornet (D)
  2 ballistomycete spores (D)
3 creatures vanquished.

Grand Total: 91 creatures vanquished

Notes
Turn   | Place    | Note
-------+----------+-------------------------------------------
     0 | D        | iguanaiguana the Minotaur Berserker began the quest for the
                  | Orb.
     0 | D        | Reached XP level 1. HP: 19/19 MP: 0/0
     1 | D        | Noticed Ijyb
     4 | D        | Killed Ijyb
     5 | D        | Reached skill level 7 in Polearms
     5 | D        | Reached XP level 2. HP: 26/26 MP: 1/1
    58 | D        | Noticed an ogre
    62 | D        | Killed an ogre
    63 | D        | Reached skill level 11 in Polearms
    63 | D        | Reached XP level 3. HP: 31/31 MP: 2/2
    63 | D        | Reached XP level 4. HP: 39/39 MP: 3/3
   115 | D        | Noticed Sigmund
   122 | D        | Killed Sigmund
   122 | D        | Reached ** piety under Trog
   123 | D        | Reached skill level 12 in Polearms
   123 | D        | Reached skill level 15 in Polearms
   123 | D        | Reached XP level 5. HP: 45/45 MP: 4/4
   123 | D        | Reached XP level 6. HP: 51/51 MP: 5/5
   169 | D        | Found a burning altar of Makhleb.
   169 | D        | Found a shimmering altar of Xom.
   169 | D        | Noticed a slime creature
   170 | D        | Found a viscous altar of Jiyva.
   170 | D        | Found a corrupted altar of Lugonu.
   176 | D        | Killed a slime creature
   177 | D        | Reached skill level 17 in Polearms
   213 | D        | Found an ornate altar of the Wu Jian Council.
   213 | D        | Found a shimmering blue altar of Sif Muna.
   215 | D        | Found a radiant altar of Vehumet.
   248 | D        | Found Huypa's Jewellery Emporium.
   248 | D        | Found an ancient bone altar of Kikubaaqudgha.
   248 | D        | Found a hazy altar of Hepliaklqana.
   248 | D        | Found a stormy altar of Qazlal.
   248 | D        | Found a hide-covered altar of Uskayaw.
   248 | D        | Found a blossoming altar of Fedhas.
   248 | D        | Found a bloodstained altar of Trog.
   248 | D        | Found an iron altar of Okawaru.
   248 | D        | Found a basalt altar of Yredelemnul.
   248 | D        | Found a glowing golden altar of the Shining One.
   248 | D        | Found a snail-covered altar of Cheibriados.
   248 | D        | Found a sacrificial altar of Ru.
   248 | D        | Found a glowing silver altar of Zin.
   248 | D        | Found a shadowy altar of Dithmenos.
   248 | D        | Found a white marble altar of Elyvilon.
   248 | D        | Noticed a yak
   253 | D        | Killed a yak
   254 | D        | Reached XP level 7. HP: 64/64 MP: 6/6
   299 | D        | Found an opulent altar of Gozag.
   325 | D        | Found a sparkling altar of Nemelex Xobeh.
   329 | D        | Bought a ring of see invisible for 165 gold pieces
   362 | D        | Noticed a kobold demonologist
   363 | D        | Paralysed by a floating eye for 3 turns
   366 | D        | Reached *** piety under Trog
   367 | D        | Reached skill level 5 in Armour
   367 | D        | Noticed a kobold demonologist
   372 | D        | Killed a kobold demonologist
   373 | D        | Reached skill level 10 in Fighting
   373 | D        | Reached XP level 8. HP: 79/79 MP: 7/7
   377 | D        | Killed a kobold demonologist
   377 | D        | Reached **** piety under Trog
   415 | D        | Noticed a centaur warrior
   415 | D        | Noticed a centaur warrior
   425 | D        | Killed a centaur warrior
   429 | D        | Killed a centaur warrior
   430 | D        | Reached skill level 15 in Fighting
   430 | D        | Reached XP level 9. HP: 97/97 MP: 8/8
   515 | D        | Noticed a deep troll
   523 | D        | Killed a deep troll
   652 | D        | Noticed Sonja
   657 | D        | Sonja changed into Sonja the acid dragon
   657 | D        | Noticed Sonja
   665 | D        | Killed Sonja the acid dragon
   688 | D        | Found Raguufim's Assorted Antiques.
   696 | D        | Bought a shimmering cloak for 228 gold pieces
   696 | D        | Identified the +2 cloak of Pathos {rN++ Slay-2} (You bought
                  | it in a shop in the Dungeon)
   777 | D        | Found Wimoisih's Armour Emporium.
   810 | D        | Reached skill level 1 in Evocations
   859 | D        | Noticed an oklob plant
   864 | D        | Killed an oklob plant
   864 | D        | Reached ***** piety under Trog
   882 | D        | Reached XP level 10. HP: 60/108 MP: 9/9
  1141 | D        | Received a gift from Trog
  1142 | D        | Reached skill level 5 in Throwing
  1142 | D        | Reached skill level 5 in Evocations
  1179 | D        | Received a gift from Trog
  1238 | D        | Reached skill level 18 in Polearms
  1255 | D        | Identified the +5 scimitar "Wary" {flame, Fly}
  1261 | D        | Found Xawoy's Antique Weapon Shoppe.
  1261 | D        | Found Culiocy's Book Shop.
  1261 | D        | Found Milaonga's Antique Armour Boutique.
  1263 | D        | Found Buhusuyn's Book Emporium.
  1263 | D        | Found Neidusk's Jewellery Shop.
  1263 | D        | Found Omoc's Distillery.
  1263 | D        | Found Ceajot's Assorted Antiques.
  1263 | D        | Found Uwnan's Armour Emporium.
  1263 | D        | Found Imameum's Book Shop.
  1263 | D        | Found Eniliv's General Store.
  1267 | D        | Bought a pair of glowing boots for 135 gold pieces
  1267 | D        | Bought a pair of gloves for 81 gold pieces
  1277 | D        | Found Wyrer's General Store.
  1280 | D        | Found Zaurph's Armour Emporium.
  1280 | D        | Found Todunnir's Armour Boutique.
  1281 | D        | Found Leblewk's General Store.
  1283 | D        | Bought a pair of runed gloves for 157 gold pieces
  1283 | D        | Bought an emerald potion for 18 gold pieces
  1283 | D        | Bought a dark potion for 18 gold pieces
  1283 | D        | Bought a scroll labelled TUPPIGEMATS for 21 gold pieces
  1283 | D        | Bought a scroll labelled ASTUIM ZYIM for 21 gold pieces
  1283 | D        | Bought a scroll labelled MEFAODOASH for 21 gold pieces
  1289 | D        | Bought the +2 pair of gloves "Nuklun" {rF+} for 370 gold
                  | pieces
  1355 | D        | Received a gift from Trog
  1356 | D        | Noticed a gargoyle
  1359 | D        | Reached skill level 19 in Polearms
  1365 | D        | Reached skill level 20 in Polearms
  1367 | D        | Killed a gargoyle
  1400 | D        | Noticed a lindwurm
  1406 | D        | Killed a lindwurm
  1443 | D        | Received a gift from Trog
  1455 | D        | Reached XP level 11. HP: 121/121 MP: 10/10
  1461 | D        | Received a gift from Trog
  1465 | D        | Reached ****** piety under Trog
  1548 | D        | Noticed a daeva
  1612 | D        | Reached skill level 21 in Polearms
  1616 | D        | Received a gift from Trog
  1868 | D        | Noticed a shining eye
  1868 | D        | Noticed a shining eye
  1868 | D        | Noticed a shining eye
  1872 | D        | Noticed a shining eye
  1874 | D        | Killed a shining eye
  1875 | D        | Reached skill level 22 in Polearms
  1876 | D        | Killed a shining eye
  1876 | D        | Killed a shining eye
  1877 | D        | Killed a shining eye
  1877 | D        | Noticed a shining eye
  1878 | D        | Reached skill level 23 in Polearms
  1878 | D        | Killed a shining eye
  1886 | D        | Noticed a shining eye
  1894 | D        | Killed a shining eye
  1899 | D        | Paralysed by a floating eye for 4 turns
  1908 | D        | Noticed a shining eye
  1908 | D        | Noticed a shining eye
  1911 | D        | Gained mutation: You occasionally lose the ability to drink
                  | potions when taking damage. [a shining eye]
  1920 | D        | Killed a shining eye
  1921 | D        | Reached skill level 24 in Polearms
  1921 | D        | Killed a shining eye
  1936 | D        | Found Qaico's Distillery.
  1936 | D        | Found Orrepsom's Weapon Shoppe.
  1936 | D        | Found Nuolityu's General Store.
  1936 | D        | Found Edonnuet's Distillery.
  2000 | D        | Bought a scroll of identify for 24 gold pieces
  2005 | D        | Bought a scroll of identify for 26 gold pieces
  2005 | D        | Bought a scroll of identify for 26 gold pieces
  2005 | D        | Bought a scroll of identify for 26 gold pieces
  2172 | D        | Noticed a fire giant
  2182 | D        | Killed a fire giant
  2233 | D        | Noticed a fire giant
  2238 | D        | Killed a fire giant
  2238 | D        | Identified the +4 halberd of Parts Unknown {flame, rElec
                  | rPois rCorr} (Trog gifted it to you in the Dungeon)
  2238 | D        | Received a gift from Trog
  2239 | D        | Reached XP level 12. HP: 101/136 MP: 3/11
  2433 | D        | Noticed a 12-headed hydra
  2439 | D        | Killed a nine-headed hydra
  2683 | D        | Bought the ring of Democracy {rElec rF+ rN+ Dex-2} for 441
                  | gold pieces
  2741 | D        | Noticed a fire giant
  2750 | D        | Killed a fire giant
  2779 | D        | Noticed a deep elf annihilator
  2798 | D        | Paralysed by a hornet for 2 turns
  2813 | D        | Killed a deep elf annihilator
  3028 | D        | Noticed a mummy priest
  3044 | D        | Noticed a shadow dragon
  3044 | D        | Noticed a golden dragon
  3071 | D        | Killed a shadow dragon
  3125 | D        | Killed a golden dragon
  3126 | D        | Reached skill level 10 in Evocations
  3166 | D        | Identified the ring "Plog" {rPois rC+ rCorr Dex+2 Stlth+}
  3301 | D        | Bought a +1 hat for 143 gold pieces
  3676 | D        | Noticed a fire giant
  3685 | D        | Killed a fire giant
  3685 | D        | Received a gift from Trog
  3787 | D        | Found Hukacod's Weapon Shoppe.
  3888 | D        | Bought a potion of curing for 30 gold pieces
  3888 | D        | Bought 2 potions of attraction for 60 gold pieces
  3888 | D        | Bought a potion of attraction for 30 gold pieces
  3888 | D        | Bought a potion of lignification for 30 gold pieces
  3888 | D        | Bought a potion of lignification for 30 gold pieces
  3888 | D        | Bought a potion of cancellation for 80 gold pieces
  3895 | D        | Bought a potion of flight for 30 gold pieces
  3895 | D        | Bought a condenser vane for 400 gold pieces
  3895 | D        | Bought a potion of haste for 100 gold pieces
  3895 | D        | Bought 4 boomerangs for 20 gold pieces
  3952 | D        | Noticed a lorocyproca
  3958 | D        | Killed a lorocyproca
  4284 | D        | Bought the ring of Scepticism {rPois rN+ rCorr Slay+4
                  | Stlth+} for 1113 gold pieces
  4390 | D        | Found the +4 dragonskin cloak
  4390 | D        | Noticed Tiamat
  4420 | D        | HP: 5/214 [Tiamat/+0 bardiche of freezing (38)]
  4420 | D        | Slain by Tiamat

Illustrated notes

Levels and vault maps discovered:
D:        dungeon_sprint_1 [red_sonja_temple_1, red_sonja_temple_small_1]

Skill      XL: |  1  2  3  4  5  6  7  8  9 10 11 12 |
---------------+-------------------------------------+-----
Polearms       | 7 11 15 17 20 24 | 24.0
Fighting       | 6 10 15 16 18 21 23 | 23.8
Armour         | 4 7 11 12 | 12.3
Throwing       | 4 6 |  6.0
Evocations     | 4 6 12 | 12.0
Dodging        | |  2.1

Action                   |  1- 3 |  4- 6 |  7- 9 | 10-12 || total
-------------------------+-------+-------+-------+-------++-------
Melee: Spear             |     5 |     7 |       |       ||    12
       Headbutt          |     2 |     3 |     4 |    31 ||    40
       Halberd           |       |    11 |    48 |     7 ||    66
       Glaive            |       |       |       |    99 ||    99
       Bardiche          |       |       |       |    63 ||    63
Invok: Berserk           |     1 |     3 |     5 |     9 ||    18
       Brothers in Arms  |       |       |       |    12 ||    12
       Trog's Hand       |       |       |       |     2 ||     2
Evoke: Wand              |       |       |     3 |     2 ||     5
  Use: Potion            |     1 |       |       |       ||     1
       Scroll            |       |       |       |     8 ||     8
 Stab: Distracted        |       |       |       |     1 ||     1
Armor: Chain mail        |       |     2 |    10 |    82 ||    94
       Skin              |       |       |     4 |       ||     4
       Gold dragon scale |       |       |       |    11 ||    11
Dodge: Dodged            |     1 |     2 |    12 |    64 ||    79

Table legend: (Time is in decaauts)
 A = Elapsed time spent in this place.
 B = Non-inter-level travel time spent in this place.
 C = Inter-level travel time spent in this place.
 D = Time resting spent in this place.
 E = Time spent auto-exploring this place.
 F = Levels seen in this place.
 G = Mean time per level.
                   A        B        C        D        E       F      G
               +--------+--------+--------+--------+--------+-----+--------+
         Total |   4531 |   4009 |    522 |   2233 |    152 |   1 | 4531.0 |
       Dungeon |   4531 |   4009 |    522 |   2233 |    152 |   1 | 4531.0 |
               +--------+--------+--------+--------+--------+-----+--------+

Top non-repeatable levels by time:
       D: 4531 daAuts
